Map: Frost LE

Players

Stephano - Winner!

  • Race: Zerg Zerg
  • League: Master

ELGOLDEN

  • Race: Protoss Protoss
  • League: Diamond

VOD

https://www.youtube.com/channel/UCcSgNfDNxvyisU-eCj9xyNg/playlists

Description

Time

  • Played on: Aug. 26, 2016, 8:33 a.m.
  • Length: 7:32
Show
View Real Time Build Order
Export as new Build Order

Stephano Zerg - Winner!

Build Orders: Hatch First 

Get SALT Encoding   

  12  0:00  Drone  
  13  0:13  Overlord  
  13  0:18  Drone  
  14  0:32  Drone x2  
  14  0:35  Drone  
  17  0:52  Hatchery  
  17  0:55  Drone  
  17  0:58  Drone  
  18  1:12  Spawning Pool  
  18  1:15  Drone  
  19  1:18  Drone  
  19  1:19  Extractor  
  18  1:29  Drone  
  19  1:41  Drone  
  20  1:52  Drone  
  21  2:01  Drone  
  21  2:04  Queen, Drone  
  21  2:06  Queen  
  27  2:15  Hatchery  
  26  2:19  Drone  
  26  2:22  Metabolic Boost  
  27  2:30  Drone  
  27  2:32  Overlord  
  28  2:39  Extractor  
  28  2:40  Queen, Extractor  
  31  2:51  Drone x3  
  31  2:52  Drone x2  
  31  2:54  Zergling x2  
  36  3:04  Overlord  
  36  3:09  Overlord  
  36  3:24  Drone x3  
  36  3:25  Drone x3  
  42  3:28  Drone x2  
  42  3:30  Extractor  
  42  3:31  Drone  
  42  3:32  Evolution Chamber  
  43  3:34  Queen  
  43  3:36  Zergling x2  
  46  3:41  Zergling x2  
  46  3:42  Zergling x2  
  46  3:43  Queen  
  50  3:48  Drone x2  
  50  3:49  Drone x2  
  50  3:50  Drone x2  
  50  3:52  Drone  
  50  3:55  Drone  
  58  4:03  Overlord  
  58  4:05  Overlord x2  
  58  4:16  Overlord  
  58  4:19  Zerg Melee Weapons Level 1  
  58  4:26  Drone x3  
  58  4:27  Zergling x14  
  68  4:32  Spine Crawler  
  67  4:38  Drone  
  67  4:39  Drone x3  
  71  4:52  Spore Crawler x2, Drone  
  70  4:53  Drone x3  
  70  4:55  Drone  
  74  5:03  Hatchery, Zergling x10  
  74  5:04  Zergling x4  
  80  5:08  Queen  
  82  5:15  Spine Crawler  
  82  5:20  Overlord  
  82  5:21  Lair  
  80  5:24  Evolution Chamber, Drone  
  80  5:27  Overlord  
  80  5:34  Overlord  
  80  5:43  Zergling x2  
  80  5:44  Zergling x16  
  80  5:48  Overlord  
  89  5:52  Queen  
  91  6:01  Overlord  
  91  6:03  Drone x3  
  91  6:04  Drone x2  
  96  6:05  Hatchery  
  96  6:11  Zergling x12  
  96  6:17  Spore Crawler  
  97  6:18  Spore Crawler  
  97  6:19  Spore Crawler  
  97  6:20  Spore Crawler x2  
  97  6:21  Spore Crawler  
  97  6:22  Spore Crawler x2  
  91  6:26  Spore Crawler  
  91  6:27  Spore Crawler  
  91  6:30  Spore Crawler  
  91  6:31  Zergling x2, Spore Crawler  
  91  6:32  Zergling x8  
  92  6:44  Zergling x16  
  93  6:56  Zergling x2  
  93  6:57  Zergling x16  
  90  7:03  Zergling x6  
  92  7:11  Drone x4  
  92  7:12  Drone  
  90  7:18  Drone x3  
Show
View Real Time Build Order
Export as new Build Order

ELGOLDEN Protoss 

Build Orders: Nexus First 

Get SALT Encoding   

  12  0:01  Probe (Chrono Boost)  
  13  0:11  Probe (Chrono Boost)  
  14  0:25  Pylon  
  14  0:26  Probe (Chrono Boost)  
  15  0:33  Assimilator  
  15  0:43  Probe (Chrono Boost)  
  16  0:53  Probe (Chrono Boost)  
  17  1:05  Nexus  
  17  1:08  Probe (Chrono Boost)  
  18  1:17  Gateway  
  18  1:22  Probe (Chrono Boost)  
  19  1:26  Assimilator  
  19  1:33  Probe (Chrono Boost)  
  20  1:44  Pylon  
  21  1:47  Probe (Chrono Boost)  
  21  1:57  Probe (Chrono Boost)  
  22  2:02  Gateway  
  22  2:06  Cybernetics Core  
  22  2:08  Probe (Chrono Boost)  
  23  2:11  Assimilator  
  23  2:16  Zealot  
  23  2:19  Probe (Chrono Boost)  
  27  2:22  Probe (Chrono Boost)  
  28  2:30  Probe (Chrono Boost)  
  28  2:33  Probe (Chrono Boost)  
  29  2:40  Probe (Chrono Boost)  
  29  2:43  Stalker  
  29  2:44  Probe (Chrono Boost)  
  33  2:51  Probe (Chrono Boost)  
  34  2:54  Probe (Chrono Boost), Warp Gate  
  35  3:01  Probe (Chrono Boost)  
  35  3:04  Pylon  
  35  3:05  Probe (Chrono Boost)  
  37  3:12  Probe (Chrono Boost)  
  38  3:14  Sentry  
  38  3:15  Probe (Chrono Boost)  
  41  3:22  Probe (Chrono Boost)  
  41  3:26  Mothership Core (Chrono Boost)  
  43  3:29  Stargate  
  43  3:30  Zealot  
  45  3:35  Pylon  
  45  3:38  Assimilator  
  45  3:44  Pylon  
  45  3:48  Probe (Chrono Boost)  
  45  3:49  Probe (Chrono Boost)  
  47  3:59  Probe x2 (Chrono Boost), Stargate  
  51  4:10  Probe x2 (Chrono Boost)  
  51  4:11  Oracle  
  54  4:20  Twilight Council, Probe (Chrono Boost)  
  54  4:23  Probe (Chrono Boost)  
  56  4:27  Pylon  
  56  4:31  Probe (Chrono Boost)  
  57  4:35  Probe (Chrono Boost)  
  58  4:38  Pylon  
  58  4:41  Probe (Chrono Boost)  
  58  4:43  Phoenix  
  59  4:47  Oracle, Gateway  
  59  4:48  Oracle  
  62  4:59  Gateway  
  65  5:00  Gateway  
  65  5:01  Charge  
  65  5:20  Zealot x2  
  69  5:23  Oracle  
  69  5:24  Oracle  
  75  5:38  Pylon  
  75  5:41  Zealot  
  75  5:42  Zealot  
  78  5:58  Gateway  
  78  5:59  Zealot x3  
  78  6:00  Oracle  
  84  6:04  Oracle  
  84  6:06  Zealot x2  
  94  6:19  Pylon  
  94  6:24  Pylon  
  94  6:26  Pylon  
  94  6:28  Pylon  
  94  6:31  Pylon  
  94  6:33  Pylon  
  94  6:38  Zealot x4, Pylon  
  91  6:54  Zealot x3  
  91  6:55  Zealot x2  
  71  7:14  Gateway  
  69  7:18  Zealot x2  
  69  7:19  Zealot x3  
Tags
 
Add a new tag
Caveats
  • Supply blocks, unpowered buildings, or Contaminate may cause inaccurate times.
  • Supply counts are checked every 10 seconds.